 Dungeon Crawl Stone Soup version 0.28.0-62-gf88900778d (webtiles) character file.

Game seed: 6803859549478362575

98 cbfl8 the Skirmisher (level 4, -1/35 HPs)
             Began as a Demonspawn Fighter on Sept 5, 2023.
             Killed by divine providence
             ... invoked by an orc priest
              (14 damage)
             ... on level 3 of the Dungeon.
             The game lasted 00:01:41 (1715 turns).

cbfl8 the Skirmisher (Demonspawn Fighter)           Turns: 1715, Time: 00:01:41

Health: -1/35      AC:  9    Str: 17    XL:     4   Next: 43%
Magic:  4/4        EV:  6    Int:  9    God:
Gold:   103        SH:  0    Dex: 14    Spells: 3/3 levels left

rFire   + . .      SeeInvis .   a - +0 war axe
rCold   x . .      Faith    .   c - +0 buckler
rNeg    . . .      Spirit   .   q - +0 chain mail
rPois   .          Reflect  .   (no helmet)
rElec   .          Harm     .   (no cloak)
rCorr   .          Rampage  .   (no gloves)
Will    .....                   (no boots)
Stlth   ..........              m - amulet of regeneration
HPRegen 0.91/turn               k - ring of fire
MPRegen 0.09/turn               (no ring)

@: confused, mighty
A: demonic magic 1, weakness stinger 1
a: no special abilities


You were on level 3 of the Dungeon.
You visited 1 branch of the dungeon, and saw 3 of its levels.

You collected 103 gold pieces.

Inventory:

Hand Weapons
 a - a +0 war axe (weapon)
Armour
 c - a +0 buckler (worn)
 q - a +0 chain mail (worn)
Jewellery
 k - a ring of fire (left hand)
 m - an amulet of regeneration (around neck)
Scrolls
 e - 2 scrolls of identify {unknown}
 g - 3 scrolls of fear {unknown}
 h - a scroll of silence {unknown}
 n - a scroll of teleportation {unknown}
Potions
 f - 2 potions of berserk rage {unknown}
 i - 2 potions of heal wounds {unknown}
 j - 2 potions of attraction {unknown}
 l - a potion of curing {unknown}
 o - a potion of brilliance {unknown}
 p - a potion of flight {unknown}


   Skills:
 + Level 3.3 Fighting
 + Level 2.8 Axes
 + Level 3.2 Armour
 + Level 3.0 Shields
 * Level 1.7 Evocations


You had 3 spell levels left.
You didn't know any spells.
Your spell library contained the following spells:

 Spells                   Type           Power      Damage    Failure   Level
 Dazzling Flash           Conj/Hex       0%         N/A       100%        3
 Iskenderun's Mystic Bla  Conj/Tloc      0%         2d3       100%        4
 Starburst                Conj/Fire      0%         6d3       100%        6


Dungeon Overview and Level Annotations

Branches:
Dungeon (3/15)

Altars:


Innate Abilities, Weirdness & Mutations

Spells you cast may paralyse adjacent enemies.
You have a small tail.


Message History

The magic dart hits you but does no damage.
Unknown command.
You barely miss the orc priest.
Your tail-slap misses the orc priest.
You hit the orc wizard. You hit the orc priest.
The orc wizard barely misses you.
The orc priest hits you but does no damage. x2
The orc wizard closely misses you.
Unknown command.
You closely miss the orc priest. You tail-slap the orc priest.
The orc priest is heavily wounded.
You closely miss the orc priest. You hit the orc wizard.
The orc priest hits you but does no damage. x2
The orc wizard hits you but does no damage.
The orc priest hits you but does no damage.
The orc priest hits you with a +0 club.
You hit the orc wizard but do no damage.
The orc wizard is severely wounded.
You completely miss the orc priest. You hit the orc priest.
The orc wizard hits you but does no damage.
The orc priest hits you but does no damage.
The orc priest calls down the wrath of Beogh upon you.
You barely resist.
The orc wizard gestures at you while chanting.
You are confused.
You are too confused!
Unknown command.
You are too confused!
Unknown command.
You are too confused!
Unknown command.
You are too confused!
You feel very mighty all of a sudden.
The orc priest hits you with a +0 short sword.
The orc priest calls down the wrath of Beogh upon you.
Beogh smites you!
The orc wizard hits you with a +0 war axe.
Unknown command.
The orc priest mumbles some strange prayers to Beogh against you.
Beogh smites you!
You die...

#......# #.# #. ##......##
#.## #. .........# #..# #.
.........# ##.# #.
.........# #.# #.
.........# #.# #.
...#.....###########.#####.
...#........o....#.........
.. #......@oo....#.##.#####
#.............#.#.......
#)............#.#.#.####
###...........#.#.#..#
#...........#.#....#
#...........#.####.###
#...........#....#....
###########......##.##.##
#.....# #......##.#....


You could see 2 orc priests and an orc wizard.

Vanquished Creatures
  4 adders
  3 worms (D:2)
  2 orcs
  5 ball pythons
  3 endoplasms (D:2)
  2 giant cockroaches (D:2)
  2 goblins
  6 hobgoblins
  6 jackals
  2 kobolds (D:2)
  A quokka (D:1)
  4 bats
  5 frilled lizards
  4 rats
49 creatures vanquished.

Notes
Turn   | Place    | Note
-------+----------+-------------------------------------------
     0 | D:1      | cbfl8 the Demonspawn Fighter began the quest for the Orb.
     0 | D:1      | Reached XP level 1. HP: 18/18 MP: 1/1
   313 | D:1      | Found a faded altar of an unknown god.
   376 | D:1      | Discovered your monstrous ancestry.
   376 | D:1      | Gained mutation: You have a small tail. [demonic ancestry]
   376 | D:1      | Reached XP level 2. HP: 24/24 MP: 2/2
   667 | D:2      | Reached skill level 1 in Evocations
   698 | D:2      | Reached XP level 3. HP: 29/29 MP: 3/3
  1056 | D:2      | Gained mutation: Spells you cast may paralyse adjacent
                  | enemies. [demonic ancestry]
  1056 | D:2      | Reached XP level 4. HP: 31/35 MP: 0/4
  1426 | D:2      | You fall into a shaft and drop 1 floor!
  1715 | D:3      | Killed from afar by an orc priest

Illustrated notes

Levels and vault maps discovered:
D:1:      grunt_arrival_crossed_arrows, layout_rooms,
          hellmonk_ecumenical_altar_arch_garden, amcnicky_mini_corridor_feature,
          serial_park_tiny_pond
D:2:      layout_loops_ring, grunt_ministairs_15, minmay_heptomino_l4
D:3:      layout_basic, hex_large

Skill      XL: |  1  2  3  4 |
---------------+-------------+-----
Axes           | 2 |  2.8
Evocations     | 1 |  1.7
Armour         | 3 |  3.2
Shields        | 3 |  3.0
Fighting       | |  3.3

Action                   |  1- 3 |  4- 6 || total
-------------------------+-------+-------++-------
Melee: War axe           |   103 |    57 ||   160
       Tailslap          |     8 |     3 ||    11
  Use: Potion            |       |     1 ||     1
Armor: Scale mail        |    48 |    14 ||    62
       Chain mail        |       |    30 ||    30
Dodge: Dodged            |    32 |    36 ||    68
Block: Buckler           |    32 |    16 ||    48
